Match 41211867
Unlisted

Match 41211867
End
Construct Section Command Post
Selects Indian Artillery Battlegroup
Infantry Section
ML 3-inch Mortar Team
Infantry Section
Infantry Section
Construct Field Infirmary
Selects Valour
Construct Platoon Command Post
Infantry Training
Unlock Bishop Self-propelled Artillery
Selects Gurkha Rifles Section
Bishop Self-propelled Artillery
Light Vehicle Training
6-pounder Anti-tank Gun Team
Grenade Package
Inkredyble
A Rather Splendid Cromwell
Mr.Larry.Mx
Some_Devil
Lord Dung
Sir Culito
moohey
Peirithoos
0
0

Comments sign in to comment!

No comments posted yet!